 Dungeon Crawl Stone Soup version 0.29-a0-472-ge5599a681e (webtiles) character file.

Game seed: 14352959040601261321

357 xian the Covered (level 6, -8/55 HPs)
             Began as a Minotaur Fighter on May 22, 2022.
             Killed from afar by an electric eel (11 damage)
             ... with a bolt of electricity
             ... on level 4 of the Dungeon.
             The game lasted 00:10:41 (4366 turns).

xian the Covered (Minotaur Fighter)                 Turns: 4366, Time: 00:10:44

Health: -8/55      AC: 11    Str: 22    XL:     6   Next: 36%
Magic:  5/5        EV: 11    Int:  5    God:
Gold:   136        SH:  0    Dex: 16    Spells: 5/5 levels left

rFire   + . .      SeeInvis .   r - +2 quarterstaff (chaos)
rCold   . . .      Faith    .   (shield currently unavailable)
rNeg    . . .      Spirit   .   x - +2 ring mail {rF+}
rPois   .          Reflect  .   (helmet restricted)
rElec   .          Harm     .   (no cloak)
rCorr   .          Rampage  .   t - +2 pair of gloves
Will    +....                   (no boots)
Stlth   +.........              (no amulet)
HPRegen 0.18/turn               o - +6 ring of dexterity
MPRegen 0.09/turn               y - ring of willpower

@: studying Maces & Flails
A: horns 2, retaliatory headbutt
a: no special abilities


You were on level 4 of the Dungeon.
You visited 1 branch of the dungeon, and saw 4 of its levels.

You collected 152 gold pieces.
You spent 16 gold pieces at shops.

Inventory:

Hand Weapons
 n - a +0 dagger of speed
 r - a +2 quarterstaff of chaos (weapon)
Armour
 b - a +0 scale mail
 c - a +0 buckler
 t - a +2 pair of gloves (worn)
 x - a +2 ring mail of fire resistance (worn)
Jewellery
 o - a +6 ring of dexterity (left hand)
 u - a ring of see invisible
 w - a ring of ice
 y - a ring of willpower (right hand)
Wands
 m - a wand of polymorph (10)
 q - a wand of flame (89)
Scrolls
 a - a scroll of fog {unknown}
 f - 5 scrolls of identify {unknown}
 h - a scroll of noise {unknown}
 i - a scroll of teleportation {unknown}
 l - 2 scrolls of enchant weapon {unknown}
 p - 2 scrolls of brand weapon {unknown}
 s - a scroll of poison {unknown}
Potions
 d - a potion of might
 e - 5 potions of curing {unknown}
 g - a potion of flight {unknown}
 j - 3 potions of mutation {unknown}
 v - a potion of ambrosia {unknown}


   Skills:
 + Level 4.8 Fighting
 + Level 0.2 Short Blades
 + Level 3.3(3.6) Polearms
 + Level 1.6(2.7) Staves
 + Level 0.6 Throwing
 + Level 6.3 Armour
 + Level 1.4 Dodging
 + Level 0.2 Stealth
 + Level 4.5 Shields


You had 5 spell levels left.
You didn't know any spells.
Your spell library contained the following spells:

 Spells                   Type           Power      Damage    Failure   Level
 Necrotize                Necr           0%         1d4       63%         1
 Shock                    Conj/Air       0%         1d3       63%         1
 Swiftness                Air            0%         N/A       94%         3
 Vampiric Draining        Necr           0%         2d6       94%         3
 Airstrike                Air            0%         N/A       100%        4
 Agony                    Necr           0%         N/A       100%        5


Dungeon Overview and Level Annotations

Branches:
Dungeon (4/15)
 Temple: D:4-7

Altars:

Shops:
D:2 (   D:3 ((*

Annotations:
D:2 Yufi


Innate Abilities, Weirdness & Mutations

You have a pair of horns on your head.
You reflexively headbutt those who attack you in melee.


Message History

You start resting.
The white imp laughs crazily.
The white imp shouts, "Slither home, thou impertinent saucy maggot-pie!"
The white imp grins evilly.
The white imp spits at you.
The white imp summons a swarm of flies.
The white imp picks up a beetle and eats it.
The white imp shouts, "Back with thee, thou villainous ill-nurtured cattle!"
The white imp puffs mist at you.
HP restored.
Things that are here:
a +0 club; a +0 chain mail; the goblin skeleton of Ijyb You open the door.
The electric eel shoots out a bolt of lightning at you!
The bolt of electricity hits you!
The electric eel shoots out a bolt of lightning at you!
The bolt of electricity misses you. The bolt of electricity hits you!
There is an open door here.
The electric eel shoots out a bolt of lightning at you!
The bolt of electricity misses you.
The electric eel shoots out a bolt of lightning at you!
The bolt of electricity hits you!
You barely miss the electric eel. Your headbutt misses the electric eel.
You closely miss the electric eel.
The electric eel shoots out a bolt of lightning at you!
The bolt of electricity hits you.
The electric eel shoots out a bolt of lightning at you!
The bolt of electricity hits you!
You closely miss the electric eel. Your headbutt misses the electric eel.
The electric eel shoots out a bolt of lightning at you!
The bolt of electricity misses you.
The electric eel shoots out a bolt of lightning at you!
The bolt of electricity misses you.
You barely miss the electric eel. Your headbutt misses the electric eel.
The electric eel shoots out a bolt of lightning at you!
The bolt of electricity hits you!
* * * LOW HITPOINT WARNING * * *
The electric eel shoots out a bolt of lightning at you!
The bolt of electricity hits you!
You die...

......#.## #.#
.........###.#######
#....W5g...#.g...# ##
#.#######..#.###.# #.
#.#8.©.8#..#...#.# #.
#.#≈.).≈#..#...#.####.
#.###'###......#.g..gg
#.#≈...(#.###..######.
#.#≈.@.S#.# ..# ##
#.#≈≈SP≈#.# .##
#.#≈≈⌠≈≈#.# ..
#.#≈P≈≈≈#.# ..
#.#≈≈≈≈≈#.# ...
#.#≈P≈≈≈#.#
#.###+###.# #.#P.
.P#.#


You could see a phantom, 2 electric eels, a white imp and a hobgoblin.

Vanquished Creatures
  A phantom (D:4)
  Crazy Yiuf (D:2)
  Ijyb (D:4)
  Terence (D:3)
  Natasha (thrice) (D:2)
  3 gnolls (D:2)
  6 adders
  An orc (D:4)
  6 ball pythons
  7 bats
  5 endoplasms
  2 giant cockroaches
  4 hobgoblins
  5 frilled lizards
  8 goblins
  5 kobolds
  5 rats
64 creatures vanquished.

Vanquished Creatures (others)
  2 fungi (D:2)
  3 plants
5 creatures vanquished.

Grand Total: 69 creatures vanquished

Notes
Turn   | Place    | Note
-------+----------+-------------------------------------------
     0 | D:1      | xian the Minotaur Fighter began the quest for the Orb.
     0 | D:1      | Reached XP level 1. HP: 19/19 MP: 0/0
   394 | D:1      | Reached XP level 2. HP: 26/27 MP: 1/1
  1085 | D:2      | Found Edetz's Antique Weapon Boutique.
  1099 | D:2      | Reached skill level 4 in Armour
  1354 | D:2      | Found a runed translucent door.
  1355 | D:2      | Noticed Crazy Yiuf
  1421 | D:2      | Reached XP level 3. HP: 33/33 MP: 2/2
  1513 | D:2      | Noticed Natasha
  1526 | D:2      | Killed Natasha
  1527 | D:2      | Reached skill level 1 in Dodging
  1734 | D:2      | Noticed Natasha
  1743 | D:2      | Killed Natasha
  1744 | D:2      | Reached XP level 4. HP: 15/41 MP: 3/3
  2098 | D:2      | Reached skill level 5 in Armour
  2591 | D:2      | Noticed Natasha
  2602 | D:2      | Killed Natasha
  2603 | D:2      | Reached XP level 5. HP: 34/47 MP: 4/4
  2716 | D:2      | Killed Crazy Yiuf
  3024 | D:3      | Found Firu's General Store.
  3034 | D:3      | Bought 3 poisoned darts for 16 gold pieces
  3327 | D:3      | Found a faded altar of an unknown god.
  3370 | D:3      | Found Vamedusch's Weapon Emporium.
  3467 | D:3      | Found Jeomi's Weapon Boutique.
  3585 | D:3      | Noticed Terence
  3593 | D:3      | Killed Terence
  3651 | D:3      | Reached skill level 6 in Armour
  3917 | D:4      | Noticed a phantom
  3927 | D:4      | Killed a phantom
  3927 | D:4      | Noticed Ijyb
  3928 | D:4      | Reached skill level 1 in Staves
  3928 | D:4      | Reached XP level 6. HP: 20/55 MP: 5/5
  3949 | D:4      | Found a transporter.
  3966 | D:4      | Killed Ijyb
  4366 | D:4      | Killed from afar by an electric eel

Illustrated notes

Levels and vault maps discovered:
D:1:      roderic_crop_circles_arrival_small, layout_basic
D:2:      layout_rooms, serial_shops, shop, minmay_strange_pillars,
          uniq_natasha, uniq_crazy_yiuf_cottage
D:3:      layout_loops_ring, serial_shops, shop, shop, nicolae_square_shop,
          chequers_ecumenical_altar_simple_redux, minmay_increasing_density,
          uniq_terence
D:4:      gammafunk_steamed_eel, layout_basic, minmay_temple_entry_wispy,
          kennysheep_generic_room_12, uniq_ijyb, uniq_menkaure

Skill      XL: |  1  2  3  4  5 |
---------------+----------------+-----
Fighting       | 4 |  4.8
Shields        | 4 |  4.5
Armour         | 4 5 6 |  6.3
Polearms       | 3 |  3.3
Dodging        | 1 |  1.4
Staves         | 1 |  1.6
Short Blades   | |  0.2
Throwing       | |  0.6
Stealth        | |  0.2

Action                   |  1- 3 |  4- 6 || total
-------------------------+-------+-------++-------
Melee: Trident           |    91 |    10 ||   101
       Headbutt          |    11 |    19 ||    30
       Dagger            |       |    28 ||    28
       Quarterstaff      |       |    45 ||    45
Throw: Dart              |     1 |    12 ||    13
Armor: Scale mail        |    53 |    18 ||    71
       Ring mail         |       |    10 ||    10
Dodge: Dodged            |    38 |    48 ||    86
Block: Buckler           |    22 |    10 ||    32

Table legend: (Time is in decaauts)
 A = Elapsed time spent in this place.
 B = Non-inter-level travel time spent in this place.
 C = Inter-level travel time spent in this place.
 D = Time resting spent in this place.
 E = Time spent auto-exploring this place.
 F = Levels seen in this place.
 G = Mean time per level.
                   A        B        C        D        E       F      G
               +--------+--------+--------+--------+--------+-----+--------+
         Total |   4388 |   4159 |    229 |    358 |   2858 |   4 | 1097.0 |
       Dungeon |   4388 |   4159 |    229 |    358 |   2858 |   4 | 1097.0 |
               +--------+--------+--------+--------+--------+-----+--------+

Top non-repeatable levels by time:
     D:2: 1938 daAuts
     D:1: 1096 daAuts
     D:3: 847 daAuts
     D:4: 506 daAuts
